[Event "Vienna Chess Open 2019"]
[Site "Vienna"]
[Date "2019.08.22"]
[Round "7.8"]
[White "Dobrovoljc, Vid"]
[Black "Blohberger, Felix"]
[Result "1/2-1/2"]
[ECO "C42"]
[WhiteElo "2331"]
[BlackElo "2467"]
[Annotator "ChessBase"]
[PlyCount "91"]
[EventDate "2019.08.17"]
[EventType "swiss"]
[EventCountry "AUT"]
[SourceTitle "playchess.com"]
[Source "ChessBase"]
[SourceQuality "1"]
[TimeControl "40/5400+30:1800+30"]

1. e4 e5 2. Nf3 Nf6 3. Nxe5 d6 4. Nf3 Nxe4 5. Qe2 Qe7 6. d3 Nf6 7. Bg5 Nbd7 8. Nc3 Qxe2+ 9. Bxe2 h6 10. Be3 a6 11. a4 b6 12. d4 Bb7 13. Rd1 g6 14. O-O Bg7 15. Rfe1 O-O 16. Nd2 Rfe8 17. Bf3 Bxf3 18. Nxf3 Rab8 19. Bd2 Rxe1+ 20. Rxe1 Kf8 21. b3 Rc8 22. Ne4 Nxe4 23. Rxe4 b5 24. axb5 axb5 25. Re1 Ra8 26. Rc1 f5 27. Be3 g5 28. g3 Nf6 29. c4 bxc4 30. bxc4 Ne4 31. d5 Kf7 32. Bd4 Nd2 33. Bxg7 Nxf3+ 34. Kg2 Nd2 35. Bc3 Nxc4 36. Bb4 Nb6 37. Rxc7+ Kg6 38. Rc6 Nxd5 39. Rxd6+ Nf6 40. Bc3 Rf8 41. h3 g4 42. h4 Rf7 43. h5+ Kg5 44. Bd4 Rf8 45. Re6 Rf7 46. Rd6 1/2-1/2

[Event "Vienna Chess Open 2019"]
[Site "Vienna"]
[Date "2019.08.22"]
[Round "7.9"]
[White "Nasuta, Grzegorz"]
[Black "Schwabeneder, Florian"]
[Result "1/2-1/2"]
[ECO "C10"]
[WhiteElo "2533"]
[BlackElo "2404"]
[Annotator "ChessBase"]
[PlyCount "87"]
[EventDate "2019.08.17"]
[EventType "swiss"]
[EventCountry "AUT"]
[SourceTitle "playchess.com"]
[Source "ChessBase"]
[SourceQuality "1"]
[TimeControl "40/5400+30:1800+30"]

1. e4 e6 2. d4 d5 3. Nc3 Be7 4. Nf3 Nf6 5. Bd3 c5 6. exd5 exd5 7. dxc5 Bxc5 8. Bg5 O-O 9. O-O Be6 10. Qd2 Nc6 11. a3 Re8 12. Rfe1 h6 13. Bh4 Be7 14. h3 a6 15. Rad1 b5 16. Ne2 Nh5 17. Bxe7 Qxe7 18. Nf4 Nxf4 19. Qxf4 b4 20. a4 Rec8 21. Ne5 Qg5 22. Qxg5 hxg5 23. Nf3 g4 24. Ng5 gxh3 25. Nxe6 fxe6 26. Rxe6 hxg2 27. Kxg2 Rc7 28. Rd6 Ne7 29. Re1 a5 30. Ree6 Kf7 31. Ra6 Rca7 32. Rxa7 Rxa7 33. Rd6 Rc7 34. Kf1 Rc5 35. Ke1 Nc6 36. Rd7+ Kf6 37. Rc7 b3 38. Kd2 bxc2 39. Bxc2 g5 40. Bd1 Ke5 41. Rc8 Kd6 42. Rg8 d4 43. Kd3 Rf5 44. f3 1/2-1/2

[Event "Vienna Chess Open 2019"]
[Site "Vienna"]
[Date "2019.08.22"]
[Round "7.9"]
[White "Valmana Canto, Jaime"]
[Black "Ragger, Anna-Christina"]
[Result "1-0"]
[ECO "A06"]
[WhiteElo "2406"]
[BlackElo "2406"]
[Annotator "NA"]
[PlyCount "81"]
[EventDate "2019.08.17"]
[EventType "swiss"]
[EventCountry "AUT"]
[SourceTitle "playchess.com"]
[Source "ChessBase"]
[SourceQuality "1"]
[TimeControl "40/5400+30:1800+30"]

1. Nf3 d5 2. g3 c6 3. Bg2 Bg4 4. c4 e6 5. Qb3 Qb6 6. Nc3 Qxb3 7. axb3 Nd7 8. d4 Ne7 9. O-O Bf5 10. c5 a6 11. b4 Rc8 12. Nd2 Bc2 13. Ncb1 Bxb1 14. Rxb1 g6 15. Nb3 Bg7 16. Bf4 e5 17. dxe5 Bxe5 18. Bg5 Bf6 19. Bd2 O-O 20. Rfd1 Rc7 21. e4 dxe4 22. Bxe4 g5 23. Kg2 h6 24. h4 Ne5 25. hxg5 hxg5 26. Rh1 N7g6 27. Rh5 g4 28. Bc3 Re7 29. Nd4 Nf3 30. Nf5 Rxe4 31. Bxf6 Ne1+ 32. Rxe1 Rxe1 33. Nh6+ Kh7 34. Nxg4+ Kg8 35. Bc3 Re6 36. f4 Rfe8 37. f5 Re2+ 38. Kh3 R8e5 39. Nf6+ Kf8 40. fxg6 Rxh5+ 41. Nxh5 1-0

[Event "Vienna Chess Open 2019"]
[Site "Vienna"]
[Date "2019.08.22"]
[Round "7.10"]
[White "Gumularz, Szymon"]
[Black "Pfreundt, Jakob"]
[Result "1-0"]
[ECO "D35"]
[WhiteElo "2501"]
[BlackElo "2410"]
[Annotator "ChessBase"]
[PlyCount "85"]
[EventDate "2019.08.17"]
[EventType "swiss"]
[EventCountry "AUT"]
[SourceTitle "playchess.com"]
[Source "ChessBase"]
[SourceQuality "1"]
[TimeControl "40/5400+30:1800+30"]

1. d4 d5 2. c4 e6 3. Nc3 Nf6 4. cxd5 exd5 5. Bg5 c6 6. e3 Be7 7. Bd3 Nbd7 8. h3 Nf8 9. Bf4 Ng6 10. Bh2 O-O 11. Nf3 Re8 12. Qc2 a5 13. O-O-O b5 14. Ne5 Bb7 15. Kb1 a4 16. g4 Nd7 17. Nxd7 Qxd7 18. Bg3 Bd6 19. Bxd6 Qxd6 20. h4 Nf8 21. g5 a3 22. b3 Ba6 23. Ne2 b4 24. Nf4 Bxd3 25. Nxd3 Nd7 26. Rc1 Ra6 27. Qd2 Rb6 28. h5 Reb8 29. h6 g6 30. f4 Qe6 31. Ka1 Rb5 32. Rc2 R8b6 33. Rhc1 f6 34. gxf6 Nxf6 35. Ne5 Ne4 36. Qd3 Nc3 37. f5 gxf5 38. Rg1+ Kh8 39. e4 Nxe4 40. Rg7 Nd6 41. Qg3 Rb8 42. Rxh7+ Kxh7 43. Qg7# 1-0

[Event "Vienna Chess Open 2019"]
[Site "Vienna"]
[Date "2019.08.22"]
[Round "7.10"]
[White "Janik, Igor"]
[Black "Matt, Fabian"]
[Result "1-0"]
[ECO "D10"]
[WhiteElo "2483"]
[BlackElo "2271"]
[Annotator "ChessBase"]
[PlyCount "75"]
[EventDate "2019.08.17"]
[EventType "swiss"]
[EventCountry "AUT"]
[SourceTitle "playchess.com"]
[Source "ChessBase"]
[SourceQuality "1"]
[TimeControl "40/5400+30:1800+30"]

1. d4 d5 2. c4 c6 3. Nc3 Nf6 4. cxd5 cxd5 5. Bf4 Nc6 6. e3 Bf5 7. Qb3 Na5 8. Qa4+ Bd7 9. Qc2 e6 10. Bd3 Be7 11. Nf3 Rc8 12. O-O O-O 13. h3 a6 14. Rac1 b5 15. Qb1 b4 16. Ne2 Nc4 17. g4 Bb5 18. Ng3 Nd6 19. Ne5 Nfe4 20. Bxb5 axb5 21. Nxe4 Nxe4 22. Qd3 Bd6 23. f3 Rxc1 24. Rxc1 Ng5 25. Kg2 Bxe5 26. dxe5 f5 27. gxf5 Rxf5 28. Qxb5 h6 29. Qa6 Qe7 30. Rc8+ Kh7 31. Qd3 Qb7 32. Rc5 Kh8 33. Rb5 Qa8 34. h4 d4 35. hxg5 hxg5 36. Qe4 Qe8 37. Ra5 Qg6 38. Bg3 1-0

[Event "Vienna Chess Open 2019"]
[Site "Vienna"]
[Date "2019.08.22"]
[Round "7.10"]
[White "Miedema, David"]
[Black "Pieper, Thomas"]
[Result "1/2-1/2"]
[ECO "D25"]
[WhiteElo "2371"]
[BlackElo "2371"]
[Annotator "NA"]
[PlyCount "135"]
[EventDate "2019.08.17"]
[EventType "swiss"]
[EventCountry "AUT"]
[SourceTitle "playchess.com"]
[Source "ChessBase"]
[SourceQuality "1"]
[TimeControl "40/5400+30:1800+30"]

1. d4 d5 2. c4 dxc4 3. Nf3 Nf6 4. e3 Bg4 5. Bxc4 e6 6. h3 Bh5 7. Nc3 Nbd7 8. e4 Bxf3 9. Qxf3 Nb6 10. Qd3 Nxc4 11. Qxc4 c6 12. O-O Be7 13. Be3 O-O 14. f4 b5 15. Qxc6 b4 16. Nb5 Rc8 17. Qa6 Nxe4 18. Rfc1 Qd7 19. Nxa7 Ra8 20. Qc6 Rxa7 21. Qxe4 Qd5 22. Qxd5 exd5 23. b3 f5 24. Rc2 Rfa8 25. Kf2 Ra3 26. Rb2 Kf7 27. Ke2 Ke6 28. Kd3 Bd6 29. Kc2 Kd7 30. g4 Re8 31. Kd3 Rf8 32. Rf1 g6 33. Rg2 Ra6 34. g5 Re8 35. h4 Rc6 36. Bd2 Ra8 37. Ra1 Rca6 38. Be3 Ra3 39. Rb2 Ke6 40. h5 Kf7 41. hxg6+ hxg6 42. Rh1 Rxa2 43. Rh7+ Ke6 44. Rxa2 Rxa2 45. Rg7 Rb2 46. Rxg6+ Ke7 47. Rg7+ Ke6 48. Rg6+ Ke7 49. Rg7+ Ke6 50. Rb7 Rxb3+ 51. Ke2 Rb2+ 52. Kf3 Rc2 53. g6 Rc7 54. g7 Kf7 55. Rb5 Kxg7 56. Rxd5 Be7 57. Rxf5 Rb7 58. d5 Bf6 59. d6 b3 60. d7 Rxd7 61. Rb5 b2 62. Ke2 Kg6 63. Bd2 Bd4 64. Kd3 Bf6+ 65. Kc2 Rc7+ 66. Kb1 Ra7 67. Rxb2 Bxb2 68. Kxb2 1/2-1/2

[Event "Vienna Chess Open 2019"]
[Site "Vienna"]
[Date "2019.08.22"]
[Round "7.11"]
[White "Hertneck, Gerald"]
[Black "Halvax, Georg"]
[Result "0-1"]
[ECO "D02"]
[WhiteElo "2495"]
[BlackElo "2403"]
[Annotator "ChessBase"]
[PlyCount "120"]
[EventDate "2019.08.17"]
[EventType "swiss"]
[EventCountry "AUT"]
[SourceTitle "playchess.com"]
[Source "ChessBase"]
[SourceQuality "1"]
[TimeControl "40/5400+30:1800+30"]

1. d4 d5 2. Nf3 Nf6 3. c4 e6 4. g3 g6 5. Bg2 Bg7 6. O-O O-O 7. Nc3 Nc6 8. e3 a5 9. Ne5 Ne7 10. b3 b6 11. Ba3 Bb7 12. Rc1 Re8 13. Nb5 Ba6 14. Re1 Nf5 15. Bf1 Nd6 16. Nc3 Nfe4 17. Nxe4 Nxe4 18. Qf3 Bxe5 19. dxe5 Nd2 20. Qf4 Nxf1 21. Rxf1 c5 22. Rfd1 Bb7 23. e4 d4 24. Rd3 Qe7 25. Re1 a4 26. Bc1 axb3 27. axb3 Ra1 28. Kg2 Rea8 29. Qh6 Qf8 30. Qh4 Qg7 31. Rdd1 R1a2 32. Bg5 Qxe5 33. Bf6 Qf5 34. Qf4 Qxf4 35. gxf4 Rb2 36. Kg3 Raa2 37. Ra1 Rxf2 38. Rxa2 Rxa2 39. b4 cxb4 40. Bxd4 Rc2 41. Bf6 Rxc4 42. Rd1 Rc8 43. Rd4 b3 44. Rb4 b5 45. Kf3 Rc5 46. Rxb3 Rf5 47. Bg5 h6 48. Ke3 Bxe4 49. Bxh6 Rh5 50. Kxe4 Rxh6 51. Rxb5 Rxh2 52. Kf3 Kg7 53. Kg3 Rh5 54. Rb7 e5 55. fxe5 Rxe5 56. Kf4 Rf5+ 57. Kg4 Kh6 58. Ra7 Rf1 59. Rb7 f5+ 60. Kg3 Kg5 0-1

[Event "Vienna Chess Open 2019"]
[Site "Vienna"]
[Date "2019.08.22"]
[Round "7.11"]
[White "Kindermann, Stefan"]
[Black "Ibanez Aullana, Ramon"]
[Result "1-0"]
[ECO "B06"]
[WhiteElo "2316"]
[BlackElo "2316"]
[Annotator "NA"]
[PlyCount "83"]
[EventDate "2019.08.17"]
[EventType "swiss"]
[EventCountry "AUT"]
[SourceTitle "playchess.com"]
[Source "ChessBase"]
[SourceQuality "1"]
[TimeControl "40/5400+30:1800+30"]

1. e4 g6 2. d4 Bg7 3. Nc3 a6 4. f4 d5 5. e5 h5 6. Nf3 Nh6 7. Be3 Nc6 8. Be2 Bg4 9. h3 Nf5 10. Bf2 Bxf3 11. Bxf3 e6 12. g3 Na5 13. Qd3 Bf8 14. Ne2 b5 15. O-O-O Nc4 16. g4 Ng7 17. Kb1 c6 18. b3 Rb8 19. Ka1 hxg4 20. hxg4 Rxh1 21. Rxh1 a5 22. bxc4 bxc4 23. Qe3 Qb6 24. Qc1 Kd7 25. c3 Ne8 26. Qc2 Nc7 27. Rb1 Nb5 28. Qd2 a4 29. f5 Qd8 30. fxe6+ fxe6 31. g5 Be7 32. Be3 Qh8 33. Nf4 Bxg5 34. Nxe6 Be7 35. Nf4 g5 36. Bg4+ Ke8 37. Ng6 Qh7 38. Bf5 Qf7 39. Nxe7 Kxe7 40. Bxg5+ Ke8 41. Qc2 Qg7 42. Bg6+ 1-0

[Event "Vienna Chess Open 2019"]
[Site "Vienna"]
[Date "2019.08.22"]
[Round "7.11"]
[White "Gueci, Tea"]
[Black "Zeller, Frank"]
[Result "0-1"]
[ECO "C77"]
[WhiteElo "2259"]
[BlackElo "2371"]
[Annotator "NA"]
[PlyCount "90"]
[EventDate "2019.08.17"]
[EventType "swiss"]
[EventCountry "AUT"]
[SourceTitle "playchess.com"]
[Source "ChessBase"]
[SourceQuality "1"]
[TimeControl "40/5400+30:1800+30"]

1. e4 e5 2. Nf3 Nc6 3. Bb5 a6 4. Ba4 Nf6 5. d3 d6 6. c4 Be7 7. h3 O-O 8. O-O Nd7 9. Be3 Bf6 10. Nc3 Nc5 11. Bc2 Ne6 12. Nd5 Kh8 13. Qd2 Rg8 14. b4 g5 15. Nh2 Nf4 16. Bd1 Be6 17. Bf3 Rg6 18. b5 Nd4 19. Bxd4 exd4 20. Nxf4 gxf4 21. Kh1 Be5 22. a4 a5 23. Qd1 Qh4 24. Rg1 Rag8 25. Qe2 b6 26. Rab1 Rg5 27. Rbc1 R8g6 28. Rb1 Rh6 29. Qf1 Rg7 30. Rc1 Qg5 31. Rb1 Rh4 32. Rc1 Qh6 33. Rd1 Rg6 34. Rd2 Bxh3 35. gxh3 Rxh3 36. Rg2 Rxf3 37. Rxg6 fxg6 38. Qg2 Rh3 39. f3 Rg3 40. Qf1 Qh4 41. Rg2 h5 42. Kg1 g5 43. Qf2 Qh3 44. Qd2 Kh7 45. Nf1 Rxf3 0-1

[Event "Vienna Chess Open 2019"]
[Site "Vienna"]
[Date "2019.08.22"]
[Round "7.12"]
[White "Hecht, Carsten"]
[Black "Schreiner, Peter"]
[Result "1/2-1/2"]
[ECO "C78"]
[WhiteElo "2481"]
[BlackElo "2300"]
[Annotator "ChessBase"]
[PlyCount "66"]
[EventDate "2019.08.17"]
[EventType "swiss"]
[EventCountry "AUT"]
[SourceTitle "playchess.com"]
[Source "ChessBase"]
[SourceQuality "1"]
[TimeControl "40/5400+30:1800+30"]

1. e4 e5 2. Nf3 Nc6 3. Bb5 a6 4. Ba4 Nf6 5. O-O b5 6. Bb3 Bb7 7. d3 Be7 8. Nc3 O-O 9. a3 d6 10. Nd5 Nxd5 11. Bxd5 Qc8 12. Re1 Nd8 13. Bxb7 Qxb7 14. d4 Bf6 15. c3 Ne6 16. dxe5 dxe5 17. Qc2 Rfd8 18. Be3 Rd6 19. Rad1 Rad8 20. Rxd6 Rxd6 21. Re2 h6 22. Rd2 Rxd2 23. Nxd2 Bg5 24. Bxg5 hxg5 25. Qd3 Qc6 26. Nf1 f6 27. Ne3 Kf7 28. g3 Nc5 29. Qd8 Ne6 30. Qd3 Ke8 31. b4 Qd7 32. Qxd7+ Kxd7 33. Kf1 c6 1/2-1/2

[Event "Vienna Chess Open 2019"]
[Site "Vienna"]
[Date "2019.08.22"]
[Round "7.12"]
[White "Muckle, Julius"]
[Black "Valsecchi, Alessio"]
[Result "0-1"]
[ECO "D80"]
[WhiteElo "2368"]
[BlackElo "2494"]
[Annotator "ChessBase"]
[PlyCount "142"]
[EventDate "2019.08.17"]
[EventType "swiss"]
[EventCountry "AUT"]
[SourceTitle "playchess.com"]
[Source "ChessBase"]
[SourceQuality "1"]
[TimeControl "40/5400+30:1800+30"]

1. d4 Nf6 2. c4 g6 3. Nc3 d5 4. Bg5 Ne4 5. Bh4 Nxc3 6. bxc3 dxc4 7. e3 Be6 8. Rb1 c5 9. Qa4+ Qd7 10. Qxd7+ Nxd7 11. Rxb7 cxd4 12. exd4 Bh6 13. Nf3 Bd5 14. Rb4 O-O 15. Bxc4 Bxc4 16. Rxc4 Rfc8 17. Rxc8+ Rxc8 18. Ke2 Rxc3 19. Rb1 Rc2+ 20. Kf1 Rxa2 21. Bxe7 Bf8 22. Rb7 Bxe7 23. Rxd7 Kf8 24. Ne5 a5 25. d5 f6 26. Nc4 Ke8 27. Rc7 Kd8 28. Rc6 Bb4 29. Rxf6 a4 30. g4 a3 31. Ra6 Bc5 32. Ra5 Rxf2+ 33. Ke1 a2 34. Nd2 Rxh2 35. Rxa2 Kd7 36. Ra4 Kd6 37. Nb3 Be3 38. Ra5 Rb2 39. Rb5 Ke5 40. Kd1 h6 41. Ke1 Rg2 42. Na5 Bd2+ 43. Kf1 Rxg4 44. Nc6+ Kd6 45. Ke2 Bg5 46. Kd3 Bf6 47. Nb4 Bd4 48. Na2 h5 49. Nc1 Bc5 50. Nb3 Bg1 51. Nd2 Rd4+ 52. Ke2 Rg4 53. Kf3 Ke5 54. Ke2 h4 55. d6+ Kxd6 56. Rg5 Rxg5 57. Ne4+ Ke5 58. Nxg5 Kf5 59. Nh3 Bb6 60. Kf3 Ba7 61. Kg2 Kg4 62. Kh2 Bb6 63. Kg2 Be3 64. Kh2 Kf3 65. Kh1 Kg3 66. Ng1 Bxg1 67. Kxg1 g5 68. Kh1 g4 69. Kg1 Kh3 70. Kh1 g3 71. Kg1 g2 0-1

[Event "Vienna Chess Open 2019"]
[Site "Vienna"]
[Date "2019.08.22"]
[Round "7.12"]
[White "Rubil, Marko"]
[Black "Bawart, Markus"]
[Result "1-0"]
[ECO "B03"]
[WhiteElo "2248"]
[BlackElo "2364"]
[Annotator "NA"]
[PlyCount "130"]
[EventDate "2019.08.17"]
[EventType "swiss"]
[EventCountry "AUT"]
[SourceTitle "playchess.com"]
[Source "ChessBase"]
[SourceQuality "1"]
[TimeControl "40/5400+30:1800+30"]

1. e4 Nf6 2. e5 Nd5 3. d4 d6 4. c4 Nb6 5. exd6 cxd6 6. Nc3 g6 7. Be3 Bg7 8. Rc1 O-O 9. b3 N6d7 10. g3 Nf6 11. h3 d5 12. Bg2 dxc4 13. bxc4 Qa5 14. Nge2 Nc6 15. O-O Qa6 16. Qa4 Qxa4 17. Nxa4 Rd8 18. Rfd1 e6 19. Kh2 Bf8 20. Nec3 Bd7 21. Bg5 Be7 22. Nc5 Be8 23. Nxb7 Rxd4 24. Nb5 Rxd1 25. Rxd1 Ne5 26. Nc7 Rc8 27. Nxe8 Rxe8 28. c5 Rc8 29. f4 Nc4 30. Rc1 Ne3 31. Bxf6 Bxf6 32. Nd6 Rb8 33. c6 Bd8 34. Nb7 Bb6 35. Bf3 Kf8 36. Rc3 Rc8 37. a4 Nd5 38. Bxd5 exd5 39. a5 Bd4 40. Rc2 Ke7 41. Kg2 Be3 42. Kf3 d4 43. Ke4 h5 44. g4 hxg4 45. hxg4 f5+ 46. gxf5 gxf5+ 47. Kxf5 Rf8+ 48. Ke4 Rxf4+ 49. Kd3 Rf8 50. Rc5 Ke6 51. Ke4 Rf4+ 52. Kd3 Rf8 53. Ke4 Rf4+ 54. Kd3 Rf8 55. Rc2 Kd5 56. Rc5+ Ke6 57. Rc2 Kd5 58. Rc5+ Ke6 59. Kc4 d3 60. Rh5 d2 61. Rh1 Rc8 62. Kd3 Bg5 63. Ke4 Rxc6 64. Rg1 Rc4+ 65. Kd3 Rc1 1-0

[Event "Vienna Chess Open 2019"]
[Site "Vienna"]
[Date "2019.08.23"]
[Round "8.1"]
[White "Shengelia, David"]
[Black "Peralta, Fernando"]
[Result "1/2-1/2"]
[ECO "E51"]
[WhiteElo "2523"]
[BlackElo "2572"]
[Annotator "ChessBase"]
[PlyCount "44"]
[EventDate "2019.08.17"]
[EventType "swiss"]
[EventCountry "AUT"]
[SourceTitle "playchess.com"]
[Source "ChessBase"]
[SourceQuality "1"]
[TimeControl "40/5400+30:1800+30"]

1. d4 Nf6 2. c4 e6 3. Nc3 Bb4 4. e3 O-O 5. Nf3 d5 6. Bd2 b6 7. cxd5 exd5 8. Rc1 Bb7 9. Bd3 Be7 10. O-O c5 11. Ne5 Nc6 12. Be1 Bd6 13. Nxc6 Bxc6 14. b3 Re8 15. g3 Qd7 16. Qf3 Ne4 17. Qg2 cxd4 18. exd4 Rac8 19. a4 Bf8 20. Ba6 Bb7 21. Bb5 Bc6 22. Ba6 Bb7 1/2-1/2

[Event "Vienna Chess Open 2019"]
[Site "Vienna"]
[Date "2019.08.23"]
[Round "8.1"]
[White "Schwabeneder, Florian"]
[Black "Morgunov, Daniel"]
[Result "1/2-1/2"]
[ECO "B92"]
[WhiteElo "2404"]
[BlackElo "2404"]
[Annotator "NA"]
[PlyCount "61"]
[EventDate "2019.08.17"]
[EventType "swiss"]
[EventCountry "AUT"]
[SourceTitle "playchess.com"]
[Source "ChessBase"]
[SourceQuality "1"]
[TimeControl "40/5400+30:1800+30"]

1. e4 c5 2. Nc3 a6 3. Nf3 d6 4. d4 cxd4 5. Nxd4 Nf6 6. Be2 e5 7. Nb3 Be7 8. Bg5 Be6 9. Bxf6 Bxf6 10. Qd3 O-O 11. Rd1 Be7 12. Nd5 Bxd5 13. Qxd5 Qc7 14. c3 Nd7 15. O-O Nf6 16. Qd3 Rfd8 17. Bf3 b5 18. Na1 Qa5 19. a3 Qa4 20. Qb1 Rac8 21. Rfe1 a5 22. Nc2 Qb3 23. Rd2 g6 24. Ne3 Qa4 25. g3 b4 26. cxb4 axb4 27. b3 Qa7 28. axb4 Qb6 29. Nc4 Qxb4 30. Qd1 Kg7 31. h4 1/2-1/2

[Event "Vienna Chess Open 2019"]
[Site "Vienna"]
[Date "2019.08.23"]
[Round "8.1"]
[White "Kaasen, Tor Fredrik"]
[Black "Cvitan, Ognjen"]
[Result "1/2-1/2"]
[ECO "B52"]
[WhiteElo "2373"]
[BlackElo "2493"]
[Annotator "ChessBase"]
[PlyCount "26"]
[EventDate "2019.08.17"]
[EventType "swiss"]
[EventCountry "AUT"]
[SourceTitle "playchess.com"]
[Source "ChessBase"]
[SourceQuality "1"]
[TimeControl "40/5400+30:1800+30"]

1. e4 c5 2. Nf3 d6 3. Bb5+ Bd7 4. Bxd7+ Qxd7 5. c4 Nf6 6. Nc3 g6 7. d4 cxd4 8. Nxd4 Bg7 9. h3 Qc7 10. b3 Qa5 11. Bd2 Nxe4 12. Nxe4 Qe5 13. Qb1 Bf8 1/2-1/2

[Event "Vienna Chess Open 2019"]
[Site "Vienna"]
[Date "2019.08.23"]
[Round "8.2"]
[White "Palac, Mladen"]
[Black "Stanec, Nikolaus"]
[Result "1/2-1/2"]
[ECO "B15"]
[WhiteElo "2551"]
[BlackElo "2483"]
[Annotator "ChessBase"]
[PlyCount "85"]
[EventDate "2019.08.17"]
[EventType "swiss"]
[EventCountry "AUT"]
[SourceTitle "playchess.com"]
[Source "ChessBase"]
[SourceQuality "1"]
[TimeControl "40/5400+30:1800+30"]

1. e4 c6 2. d4 d5 3. Nc3 g6 4. Nf3 Bg7 5. Be2 dxe4 6. Nxe4 Nf6 7. Nxf6+ exf6 8. O-O O-O 9. Be3 Re8 10. Re1 Nd7 11. Qd2 b6 12. a4 a6 13. a5 b5 14. c4 bxc4 15. Bxc4 Bb7 16. Qb4 Bc8 17. Qb3 Re7 18. d5 cxd5 19. Bxd5 Rb8 20. Qa2 Bb7 21. Rad1 Bxd5 22. Qxd5 Qc8 23. Rc1 Qe8 24. Red1 Ne5 25. Nxe5 Rxe5 26. Qd2 Reb5 27. Bb6 f5 28. b4 Qe4 29. Rc7 f4 30. Qd7 Qe6 31. Qxe6 fxe6 32. Ra7 Rxb4 33. h3 e5 34. Rxa6 Re8 35. Ra7 e4 36. Rad7 Bf6 37. R7d6 Be5 38. R6d2 Ra4 39. Rc2 Kf7 40. Kf1 Ra3 41. Rc4 Bb8 42. Re1 e3 43. Rc2 1/2-1/2

[Event "Vienna Chess Open 2019"]
[Site "Vienna"]
[Date "2019.08.23"]
[Round "8.2"]
[White "Chyzy, Jakub"]
[Black "Hertneck, Gerald"]
[Result "0-1"]
[ECO "C16"]
[WhiteElo "2495"]
[BlackElo "2495"]
[Annotator "ChessBase"]
[PlyCount "86"]
[EventDate "2019.08.17"]
[EventType "swiss"]
[EventCountry "AUT"]
[SourceTitle "playchess.com"]
[Source "ChessBase"]
[SourceQuality "1"]
[TimeControl "40/5400+30:1800+30"]

1. e4 e6 2. d4 d5 3. Nc3 Bb4 4. e5 Ne7 5. Bd2 b6 6. a3 Bxc3 7. Bxc3 O-O 8. f4 c5 9. Nf3 Nf5 10. Bd3 Nc6 11. Bxf5 exf5 12. O-O Be6 13. Be1 Qc7 14. Bf2 Rfc8 15. b3 Ne7 16. c3 a5 17. Qd2 a4 18. b4 cxb4 19. cxb4 Qd7 20. Rfc1 Rc4 21. Qb2 Rac8 22. Nd2 Qb5 23. Nxc4 dxc4 24. Be1 Bd5 25. Bc3 Rc6 26. g3 Rh6 27. h4 Be4 28. Kf2 Nd5 29. Rg1 Qc6 30. b5 Qg6 31. Rac1 Qg4 32. Qe2 Qh3 33. Qf1 Rxh4 34. Qxh3 Rxh3 35. Rg2 h5 36. Be1 Rh1 37. Bd2 Rxc1 38. Bxc1 Bxg2 39. Kxg2 Kf8 40. Kf3 Ke7 41. Ke2 Ke6 42. Kd2 Nc7 43. Kc3 Kd5 0-1

[Event "Vienna Chess Open 2019"]
[Site "Vienna"]
[Date "2019.08.23"]
[Round "8.2"]
[White "Zeller, Frank"]
[Black "Janik, Igor"]
[Result "1/2-1/2"]
[ECO "A21"]
[WhiteElo "2371"]
[BlackElo "2483"]
[Annotator "ChessBase"]
[PlyCount "70"]
[EventDate "2019.08.17"]
[EventType "swiss"]
[EventCountry "AUT"]
[SourceTitle "playchess.com"]
[Source "ChessBase"]
[SourceQuality "1"]
[TimeControl "40/5400+30:1800+30"]

1. c4 e5 2. Nc3 Bb4 3. Nf3 Bxc3 4. dxc3 d6 5. c5 Nf6 6. cxd6 cxd6 7. g3 h6 8. Bg2 O-O 9. O-O Nc6 10. b3 d5 11. c4 dxc4 12. Bb2 e4 13. Nd2 cxb3 14. Bxf6 Qxf6 15. Nxe4 Qe5 16. Qxb3 Nd4 17. Qd1 Rd8 18. e3 Nc6 19. Qc1 Bf5 20. Qc5 Qe6 21. Nc3 Rac8 22. Nd5 b6 23. Qb5 Ne5 24. Nf4 Qd6 25. h3 g5 26. Rad1 Qxd1 27. Rxd1 Rxd1+ 28. Kh2 gxf4 29. Qxe5 fxg3+ 30. Qxg3+ Bg6 31. Be4 Rcc1 32. Qb8+ Kg7 33. Qe5+ Kh7 34. Qe7 Kg7 35. Qe5+ Kh7 1/2-1/2

[Event "Vienna Chess Open 2019"]
[Site "Vienna"]
[Date "2019.08.23"]
[Round "8.3"]
[White "Bick, Gabriel"]
[Black "Dastan, Muhammed Batuhan"]
[Result "1-0"]
[ECO "B54"]
[WhiteElo "2375"]
[BlackElo "2582"]
[Annotator "ChessBase"]
[PlyCount "53"]
[EventDate "2019.08.17"]
[EventType "swiss"]
[EventCountry "AUT"]
[SourceTitle "playchess.com"]
[Source "ChessBase"]
[SourceQuality "1"]
[TimeControl "40/5400+30:1800+30"]

1. e4 c5 2. Nf3 d6 3. d4 cxd4 4. Nxd4 Nf6 5. f3 e5 6. Nb3 Be6 7. c4 Nbd7 8. Nc3 Rc8 9. Be3 Bxc4 10. Bxc4 Rxc4 11. Qd3 Rc6 12. g4 Be7 13. O-O-O O-O 14. Kb1 a6 15. h4 b5 16. g5 Ne8 17. Nd5 Rc4 18. Qd2 Rc8 19. Na5 Nb8 20. Rc1 Rc5 21. Bxc5 dxc5 22. Nb7 Qd7 23. Nxc5 Bxc5 24. Rxc5 Nd6 25. Rd1 Rd8 26. Nb6 Qb7 27. Rd5 1-0

[Event "Vienna Chess Open 2019"]
[Site "Vienna"]
[Date "2019.08.23"]
[Round "8.3"]
[White "Schreiner, Peter"]
[Black "Paltrinieri, Nicholas"]
[Result "1/2-1/2"]
[ECO "A96"]
[WhiteElo "2310"]
[BlackElo "2481"]
[Annotator "ChessBase"]
[PlyCount "81"]
[EventDate "2019.08.17"]
[EventType "swiss"]
[EventCountry "AUT"]
[SourceTitle "playchess.com"]
[Source "ChessBase"]
[SourceQuality "1"]
[TimeControl "40/5400+30:1800+30"]

1. Nf3 e6 2. g3 f5 3. Bg2 Nf6 4. O-O d6 5. d4 Be7 6. c4 O-O 7. Nc3 Ne4 8. Qc2 Nxc3 9. Qxc3 a5 10. c5 Bf6 11. cxd6 cxd6 12. b3 Bd7 13. Ba3 Qb6 14. e3 Rc8 15. Qd2 Na6 16. Rfc1 Nc7 17. Ne1 Be7 18. Nd3 Bf8 19. h4 Be8 20. Nf4 Nb5 21. Bb2 d5 22. a4 Nd6 23. Ba3 Rxc1+ 24. Qxc1 Bd7 25. Qb2 Rc8 26. Bc5 Qc7 27. Nd3 b6 28. Ba3 Qc3 29. Ne5 Qxb2 30. Bxb2 Be8 31. Rc1 Rxc1+ 32. Bxc1 Nf7 33. Nd3 Bd6 34. Bd2 Kf8 35. Kf1 Ke7 36. Ke2 h6 37. Kd1 g5 38. hxg5 hxg5 39. Bf1 g4 40. Nf4 Ng5 41. Bd3 1/2-1/2

[Event "Vienna Chess Open 2019"]
[Site "Vienna"]
[Date "2019.08.23"]
[Round "8.4"]
[White "Buckels, Valentin"]
[Black "Belous, Mikhail"]
[Result "1/2-1/2"]
[ECO "A05"]
[WhiteElo "2453"]
[BlackElo "2308"]
[Annotator "ChessBase"]
[PlyCount "117"]
[EventDate "2019.08.17"]
[EventType "swiss"]
[EventCountry "AUT"]
[SourceTitle "playchess.com"]
[Source "ChessBase"]
[SourceQuality "1"]
[TimeControl "40/5400+30:1800+30"]

1. Nf3 Nf6 2. g3 g6 3. b3 Bg7 4. Bb2 O-O 5. Bg2 d6 6. d4 Nbd7 7. O-O Re8 8. c4 c6 9. Nc3 e5 10. e4 exd4 11. Nxd4 Nc5 12. Re1 Ng4 13. h3 Ne5 14. Re3 Qb6 15. Nc2 Bh6 16. f4 Ned3 17. Ba3 a5 18. Na4 Nxa4 19. Qxd3 Nc5 20. Qxd6 Bf8 21. Qd4 Rd8 22. Qc3 Bg7 23. e5 Bf5 24. Nd4 Na4 25. bxa4 Qxd4 26. Bb2 Qxc3 27. Bxc3 Bf8 28. Kh2 Bc5 29. Re2 Rd3 30. Bb2 Rad8 31. Rae1 Bb4 32. Rf1 Rd2 33. Rff2 Rxe2 34. Rxe2 Bd3 35. Re3 Bxc4 36. a3 Bd2 37. Re4 Bd3 38. Rd4 Rxd4 39. Bxd4 Bc2 40. Bf1 Bxa4 41. Kg2 Bd1 42. Bc4 b5 43. e6 fxe6 44. Bxe6+ Kf8 45. Bd7 b4 46. axb4 axb4 47. Bxc6 Ke7 48. Be4 Ke6 49. Kf2 b3 50. Bb2 Bc2 51. Ke2 Bxe4 52. Kxd2 Bg2 53. h4 Kf5 54. Ke3 Bc6 55. Bh8 Kg4 56. Kf2 Kf5 57. Ke3 Kg4 58. Kf2 Kf5 59. Ke3 {[%emt 0:00:00] Ke5 Ke4+} 1/2-1/2